 Dungeon Crawl Stone Soup version 0.30.1-11-g7821555f0a (webtiles) character file.

Game seed: 4539630544468430

58 celiacchi the Grasshopper (level 4, -1/38 HPs)
             Began as a Gnoll Warper on Jan 5, 2024.
             Slain by Crazy Yiuf
             ... wielding a +2 quarterstaff of chaos
              (11 damage)
             ... on level 3 of the Dungeon.
             The game lasted 00:06:21 (1672 turns).

celiacchi the Grasshopper (Gnoll Warper)            Turns: 1672, Time: 00:06:26

Health: -1/38      AC:  6    Str: 12    XL:     4   Next: 2%
Magic:  11/11      EV: 12    Int: 13    God:
Gold:   107        SH:  0    Dex: 11    Spells: 13/13 levels left

rFire   . . .        t - +1 quarterstaff (heavy)
rCold   . . .        (shield currently unavailable)
rNeg    . . .        b - +0 leather armour
rPois   .            o - +0 helmet
rElec   .            e - +1 cloak
rCorr   .            (no gloves)
SInv    .            (no boots)
Will    .....        (no amulet)
Stlth   +            (no ring)
HPRegen 0.26/turn    (no ring)
MPRegen 0.12/turn

%: no passive effects
@: no status effects
A: fangs 1, strong nose, distributed training
a: no special abilities


You were on level 3 of the Dungeon.
You visited 1 branch of the dungeon, and saw 3 of its levels.

You collected 107 gold pieces.

Inventory:

Hand Weapons
 a - a +0 mace
 t - a +1 heavy quarterstaff (weapon)
 v - a +0 sling
Missiles
 d - 7 boomerangs of dispersal
 j - 12 stones
 q - 10 poisoned darts
 r - a datura-tipped dart (quivered)
Armour
 b - a +0 leather armour (worn)
 e - a +1 cloak (worn)
 o - a +0 helmet (worn)
Scrolls
 c - a scroll of blinking
 f - a scroll of noise {unknown}
 g - a scroll of amnesia {unknown}
 i - a scroll of poison {unknown}
 s - a scroll of teleportation {unknown}
Potions
 h - a potion of flight
 k - 2 potions of attraction
 l - a potion of resistance {unknown}
 m - a potion of lignification {unknown}
 n - a potion of degeneration {unknown}
 p - a potion of heal wounds {unknown}
 u - a potion of ambrosia {unknown}


   Skills:
 + Level 4.6 Fighting
 + Level 1.0 Short Blades
 + Level 1.0 Long Blades
 + Level 1.0 Axes
 + Level 4.6 Maces & Flails
 + Level 1.0 Polearms
 + Level 1.0 Staves
 + Level 1.0 Ranged Weapons
 + Level 2.7 Throwing
 + Level 2.7 Armour
 + Level 4.6 Dodging
 + Level 1.0 Stealth
 + Level 1.0 Shields
 + Level 1.0 Unarmed Combat
 + Level 5.0 Spellcasting
 + Level 0.8 Conjurations
 + Level 0.8 Hexes
 + Level 0.8 Summonings
 + Level 0.8 Necromancy
 + Level 5.4 Translocations
 + Level 0.8 Transmutations
 + Level 0.8 Fire Magic
 + Level 0.8 Ice Magic
 + Level 0.8 Air Magic
 + Level 0.8 Earth Magic
 + Level 0.8 Poison Magic
 + Level 1.1 Invocations
 + Level 1.0 Evocations


You had 13 spell levels left.
You didn't know any spells.
Your spell library contained the following spells:

 Spells                   Type           Power      Damage    Failure   Level
 Blink                    Tloc           34%        N/A       3%          2
 Lesser Beckoning         Tloc           34%        N/A       3%          2
 Teleport Other           Tloc           17%        N/A       8%          3
 Kiss of Death            Conj/Necr      20%        2d7       17%         1
 Vhi's Electric Charge    Tloc/Air       22%        N/A       21%         3
 Manifold Assault         Tloc           17%        N/A       26%         4


Dungeon Overview and Level Annotations

Branches:
Dungeon (3/15)

Altars:

Annotations:
D:3 Crazy Yiuf


Innate Abilities, Weirdness & Mutations

You have very sharp teeth.
Your uncanny sense of smell can sniff out nearby items.
Your experience applies equally to all skills.


Message History

You bludgeon the worm!!
You kill the worm!
You have reached level 4!
You feel clever.
HP restored.
You open the door.
There is an open door here.
Found a stone staircase leading down.
Found 10 gold pieces.
Found 3 stones.
A rat comes into view.
You see here 10 gold pieces.
The rat bites you but does no damage.
You see here 3 stones.
You barely miss the rat. The rat bites you but does no damage.
The rat misses you.
You barely miss the rat. You bite the rat.
The rat is heavily wounded.
The rat misses you. The rat bites you but does no damage.
You hit the rat.
You kill the rat!
j - 12 stones (gained 3)
You now have 107 gold pieces (gained 10).
q - 10 poisoned darts (gained 6)
Found a hammer.
Found a runed translucent door.
Crazy Yiuf shouts!
You open the door.
Crazy Yiuf whimpers, "Mama tea canine!"
Throw: 2 darts (datura)
Press: ? - help, Q - select action, (/) - cycle Shift-Dir - straight line, f - Crazy Yiuf
Aim: Crazy Yiuf, wielding a +2 quarterstaff of chaos and wearing a +0 cloak of preservation (63% to hit, chance to frenzy on hit: 86%)
You throw a datura-tipped dart. The datura-tipped dart hits Crazy Yiuf!
Crazy Yiuf flies into a frenzy!
You closely miss Crazy Yiuf. Your bite misses Crazy Yiuf.
Crazy Yiuf hits you with a +2 quarterstaff of chaos!
Crazy Yiuf freezes you!
Crazy Yiuf hits you with a +2 quarterstaff of chaos.
* * * LOW HITPOINT WARNING * * *
Crazy Yiuf hits you with a +2 quarterstaff of chaos!
You die...

#...#.# ####
#...........##
#.....# ###.........#
#.....# #.........#
#.....# #####
#..######## #)..#
#..###### #...#
#.......## .(.
#........# #g#
#........# #@##
##...#...## ##.#
#.>....†.... #.##
#...#....### ##.#
#...#...... ##.##
#...#....### ##P..#
#...#....# #PP..#
#...#....# ##..##
#........#
.####....###.....####


You could see the neutral Crazy Yiuf (fast, strong, insane).

Vanquished Creatures
  2 adders
  2 worms (D:3)
  A dart slug (D:1)
  4 ball pythons
  2 bats (D:1)
  5 endoplasms
  2 giant cockroaches
  2 goblins
  5 hobgoblins
  A frilled lizard (D:1)
  A kobold (D:2)
  4 rats
31 creatures vanquished.

Notes
Turn   | Place    | Note
-------+----------+-------------------------------------------
     0 | D:1      | celiacchi the Gnoll Warper began the quest for the Orb.
     0 | D:1      | Reached XP level 1. HP: 20/20 MP: 6/6
    75 | D:1      | Reached XP level 2. HP: 13/26 MP: 7/7
   420 | D:1      | Found a faded altar of an unknown god.
   430 | D:1      | Got Plato's Anthology of Blasting
  1043 | D:2      | Reached skill level 5 in Spellcasting
  1043 | D:2      | Reached XP level 3. HP: 31/31 MP: 7/9
  1114 | D:2      | Reached skill level 1 in Invocations
  1444 | D:3      | Reached skill level 1 in Short Blades
  1444 | D:3      | Reached skill level 1 in Long Blades
  1444 | D:3      | Reached skill level 1 in Axes
  1444 | D:3      | Reached skill level 1 in Polearms
  1444 | D:3      | Reached skill level 1 in Staves
  1444 | D:3      | Reached skill level 1 in Ranged Weapons
  1444 | D:3      | Reached skill level 1 in Stealth
  1444 | D:3      | Reached skill level 1 in Shields
  1444 | D:3      | Reached skill level 1 in Unarmed Combat
  1444 | D:3      | Reached skill level 1 in Evocations
  1568 | D:3      | Reached XP level 4. HP: 31/38 MP: 11/11
  1666 | D:3      | Found a runed translucent door.
  1667 | D:3      | Noticed Crazy Yiuf
  1672 | D:3      | Slain by Crazy Yiuf

Illustrated notes

Levels and vault maps discovered:
D:1:      heliophobic_arrival_battle_scene, layout_loops_ring,
          shapermc_ecumenical_altar_rom_forum
D:2:      layout_basic
D:3:      layout_basic, uniq_crazy_yiuf_cottage

Skill      XL: |  1  2  3 |
---------------+----------+-----
Spellcasting   | 5 |  5.0
Invocations    | 1 |  1.1
Short Blades   | 1 |  1.0
Long Blades    | 1 |  1.0
Axes           | 1 |  1.0
Polearms       | 1 |  1.0
Staves         | 1 |  1.0
Ranged Weapons | 1 |  1.0
Stealth        | 1 |  1.0
Shields        | 1 |  1.0
Unarmed Combat | 1 |  1.0
Evocations     | 1 |  1.0
Fighting       | |  4.6
Maces & Flails | |  4.6
Throwing       | |  2.7
Armour         | |  2.7
Dodging        | |  4.6
Conjurations   | |  0.8
Hexes          | |  0.8
Summonings     | |  0.8
Necromancy     | |  0.8
Translocations | |  5.4
Transmutations | |  0.8
Fire Magic     | |  0.8
Ice Magic      | |  0.8
Air Magic      | |  0.8
Earth Magic    | |  0.8
Poison Magic   | |  0.8

Action                     |  1- 3 |  4- 6 || total
---------------------------+-------+-------++-------
  Melee: Mace              |   111 |       ||   111
         Bite              |    10 |     1 ||    11
         Quarterstaff      |     4 |     4 ||     8
  Throw: Dart              |       |     1 ||     1
    Use: Scroll            |     4 |       ||     4
   Stab: Sleeping          |     1 |       ||     1
 Armour: Leather armour    |    57 |     3 ||    60
  Dodge: Dodged            |   109 |     2 ||   111
